 Dungeon Crawl Stone Soup version 0.18-a0-1639-g7533f42 (webtiles) character file.

703 dohliylev the Covert (level 7, -2/47 HPs)
             Began as a Vampire Enchanter on Mar 27, 2016.
             Was an Initiate of Dithmenos.
             Killed from afar by an orc wizard (7 damage)
             ... with a magic dart
             ... on level 4 of the Dungeon.
             The game lasted 00:30:16 (5342 turns).

dohliylev the Covert (Vampire Enchanter)            Turns: 5342, Time: 00:30:17

Health: -2/47      AC:  0    Str:  7    XL:     7   Next: 39%
Magic:  1/12       EV: 23    Int: 17    God:    Dithmenos [......]
Gold:   310        SH:  0    Dex: 22    Spells: 3 memorised, 7 levels left

rFire  . . .     SeeInvis +     (weapon currently unavailable)
rCold  + . .     Gourm    .     (armour currently unavailable)
rNeg   + + .     Faith    .     (shield currently unavailable)
rPois  +         Spirit   .     (helmet currently unavailable)
rElec  .         Dismiss  .     (cloak currently unavailable)
rCorr  .         Reflect  .     (gloves currently unavailable)
SustAt .         Harm     .     (boots currently unavailable)
MR     .....                    (no amulet)
Stlth  ++++++....               (ring currently unavailable)
                                (ring currently unavailable)

@: bat-form, flying, regenerating slowly, very quick, not resistant to hostile
enchantments, very stealthy
A: fangs 3, see invisible, (unbreathing)
a: End Transformation, Renounce Religion


You were on level 4 of the Dungeon.
You worshipped Dithmenos.
Dithmenos was noncommittal.
You were very thirsty.
You were in vampire-bat-form.
You visited 1 branch of the dungeon, and saw 4 of its levels.

You collected 310 gold pieces.

Inventory:

Hand Weapons
 a - a +1 dagger (melded)
 u - a +0 blowgun
Missiles
 v - 2 curare-tipped needles
Armour
 b - a +1 robe (melded)
Jewellery
 j - an uncursed ring of fire {unknown}
 m - an uncursed amulet of magic regeneration {unknown}
 x - an uncursed ring of protection from fire {unknown}
Scrolls
 g - 2 scrolls of magic mapping {unknown}
 h - a scroll of immolation {unknown}
 k - 3 scrolls of amnesia {unknown}
 p - 2 scrolls of teleportation {unknown}
 q - 2 scrolls of remove curse {unknown}
 s - a scroll of enchant weapon {unknown}
 w - a scroll of identify {unknown}
Potions
 d - 11 potions of blood
 e - 3 potions of brilliance {unknown}
 f - a potion of agility {unknown}
 i - 3 potions of curing {unknown}
 n - 3 potions of flight {unknown}
 o - 2 potions of heal wounds {unknown}
 r - a potion of degeneration {unknown}
 t - a potion of mutation {unknown}
Books
 c - a book of Maledictions

   Spells                             Type                      Level
   a - Corona                         Hexes                        1
   b - Ensorcelled Hibernation        Hexes/Ice                    2
   c - Confuse                        Hexes                        3
   d - Tukima's Dance                 Hexes                        3
   e - Dazzling Spray                 Conjuration/Hexes            3
Miscellaneous
 l - a plain deck of summoning


   Skills:
 + Level 0.6 Fighting
 + Level 1.5 Short Blades
 + Level 3.9 Dodging
 * Level 9.3 Stealth
 + Level 3.6 Spellcasting
 + Level 0.1 Conjurations
 + Level 6.1 Hexes
 - Level 2.0 Ice Magic


You had 7 spell levels left.
You knew the following spells:

 Your Spells              Type           Power        Failure   Level  Hunger
a - Corona                Hex            ###....      1%          1    None
b - Ensorcelled Hibernat  Hex/Ice        ###...       6%          2    ##.....
c - Dazzling Spray        Conj/Hex       ##......     14%         3    ###....


Dungeon Overview and Level Annotations

Branches:
Dungeon (4/15)
 Temple: D:4-7

Altars:
Dithmenos
Nemelex Xobeh
Xom

Annotations:
D:4 Eustachio


Innate Abilities, Weirdness & Mutations

You heal slowly.
You have razor-sharp teeth.
You have supernaturally acute eyesight.
((You can survive without breathing.))


Message History

The puff of flame hits you!
* * * LOW HITPOINT WARNING * * *
You barely miss the orc wizard.
The orc wizard is almost dead.
The orc wizard hits you with a dagger.
* * * LOW HITPOINT WARNING * * *
Casting: Corona
Confirm with . or Enter, or press ? or * to list all spells.
Okay, then.
The orc wizard gestures at you while chanting.
The puff of flame misses you.
The orc wizard casts a spell.
The orc wizard flickers and vanishes for a moment.
You turn into a vampire bat.
Your +1 dagger melds into your body.
Your +1 robe melds into your body.
The orc wizard miscasts a cantrip.
The orc wizard casts a cantrip, but nothing happens.
The orc wizard gestures at you while chanting.
The magic dart hits you!
You die...

#.# #.#.# # ##.###
#.#.# .... #...#
#####.## ###.#
.......# #.#
#####..######## #.#
# #..........##o# #
#.#.###.###.#.# #
#....>..###.b.#
#####.....#..<..#.#
................#.#
##...............#
#.##.>.##.#.#.###
#. ##.#......## #
#.#.#.#### ###.
#.#.#.# ....# #.#
#.#


You could see an orc wizard (invisible).

Vanquished Creatures
  A scorpion (D:4)
  4 killer bees (D:4)
  A giant frog zombie (D:4)
  A hound (D:4)
  An orc priest (D:3)
  3 orc wizards
  2 iguanas (D:4)
  6 gnolls (D:3)
  6 adders
  2 oozes
  4 worms
  5 dart slugs
  2 giant geckos
  9 orcs
  9 bats
  6 giant cockroaches
  8 goblins
  5 hobgoblins
  20 jackals
  3 quokkas
  A ball python (D:3)
  3 giant newts
  7 kobolds
  12 rats
121 creatures vanquished.

Notes
Turn   | Place    | Note
--------------------------------------------------------------
     0 | D:1      | dohliylev the Vampire Enchanter began the quest for the Orb.
     0 | D:1      | Reached XP level 1. HP: 13/13 MP: 3/3
   183 | D:1      | Reached XP level 2. HP: 17/19 MP: 5/5
   187 | D:1      | Learned a level 2 spell: Ensorcelled Hibernation
   362 | D:1      | Found a sparkling altar of Nemelex Xobeh.
   425 | D:1      | Reached skill level 5 in Stealth
   612 | D:1      | Reached XP level 3. HP: 24/24 MP: 3/6
   796 | D:2      | Reached skill level 5 in Hexes
  1214 | D:2      | Reached skill level 1 in Ice Magic
  1437 | D:2      | Reached XP level 4. HP: 30/30 MP: 2/7
  1619 | D:3      | Learned a level 3 spell: Dazzling Spray
  1853 | D:3      | Reached skill level 6 in Stealth
  2259 | D:3      | Reached XP level 5. HP: 34/36 MP: 5/9
  3488 | D:3      | Found a faded altar to an unknown god.
  3649 | D:3      | Reached skill level 7 in Stealth
  3653 | D:3      | Reached XP level 6. HP: 42/42 MP: 6/10
  3699 | D:3      | Found a shimmering altar of Xom.
  4023 | D:4      | Noticed Eustachio
  4776 | D:4      | Reached skill level 8 in Stealth
  4836 | D:4      | Found a shadowy altar of Dithmenos.
  4841 | D:4      | Became a worshipper of Dithmenos the Shadowed
  4978 | D:4      | Reached XP level 7. HP: 41/47 MP: 7/12
  5041 | D:4      | Reached skill level 9 in Stealth
  5342 | D:4      | Killed from afar by an orc wizard

Vault maps used:
D:1:      dpeg_arrival_rooms_with_view, hangedman_decor_lopped, nemelex_deck
D:2:      first_bread
D:3:      ecumenical_altar_2, tgw_xom
D:4:      grunt_dithmenos_smoke, serial_shops, nicolae_shop_waterfront,
          kennysheep_cross_room, uniq_eustachio

Skill      XL: |  1  2  3  4  5  6  7 |
---------------+----------------------+-----
Stealth        | 5 6 7 8 9 |  9.3
Hexes          | 5 6 |  6.1
Ice Magic      | 1 2 |  2.0
Spellcasting   | 3 |  3.6
Dodging        | 3 |  3.9
Fighting       | |  0.6
Short Blades   | |  1.5
Conjurations   | |  0.1

Action                   |  1- 3 |  4- 6 |  7- 9 || total
-------------------------+-------+-------+-------++-------
Melee: Dagger            |    92 |   161 |    23 ||   276
 Cast: Ensorcelled Hiber |    23 |    67 |    11 ||   101
       Dazzling Spray    |       |    13 |     3 ||    16
       Corona            |       |     4 |     1 ||     5
 Abil: Bat Form          |       |     3 |     2 ||     5
       End Transformatio |       |     3 |     1 ||     4
  Use: Potion            |       |     3 |       ||     3
 Stab: Sleeping          |    25 |    43 |     8 ||    76
       Distracted        |     1 |     2 |     1 ||     4
  Eat: Corpse            |     1 |       |       ||     1
